 Dungeon Crawl Stone Soup version 0.26.1-2-gb8aa6d0cf2 (webtiles) character file.

Game seed: 5305561929694027115

60 Amaterasu the Chiller (level 3, 27/27 HPs)
             Began as a Draconian Ice Elementalist on Feb 27, 2021.
             Quit the game on level 2 of the Dungeon.
             The game lasted 00:02:29 (2279 turns).

Amaterasu the Chiller (Draconian Ice Elementalist)  Turns: 2279, Time: 00:02:29

Health: 27/27      AC:  5    Str: 10    XL:     3   Next: 82%
Magic:  7/7        EV: 12    Int: 16    God:
Gold:   93         SH:  0    Dex: 11    Spells: 0/7 levels left

rFire    + . .     SeeInvis .   (no weapon)
rCold    . . .     Faith    .   (no shield)
rNeg     . . .     Spirit   .   (armour unavailable)
rPois    .         Reflect  .   (helmet restricted)
rElec    .         Harm     .   (no cloak)
rCorr    .         Rampage  .   (no gloves)
Will     .....                  (no boots)
Stlth    ++........             (no amulet)
HPRegen  0.09/turn              a - ring of protection from fire
MPRegen  0.10/turn              (no ring)

@: no status effects
A: unfitting armour, cold-blooded, AC +5
a: no special abilities


You were on level 2 of the Dungeon.
You visited 1 branch of the dungeon, and saw 2 of its levels.

You collected 93 gold pieces.

Inventory:

Jewellery
 a - a ring of protection from fire (left hand)
Scrolls
 b - 2 scrolls of teleportation {unknown}
 e - a scroll of fog {unknown}
 i - a scroll of identify
Potions
 c - a potion of berserk rage
 d - a potion of heal wounds {unknown}
 f - a potion of attraction {unknown}
 g - a potion of resistance {unknown}
 h - a potion of degeneration {unknown}


   Skills:
 * Level 0.9 Fighting
 - Level 1.7 Dodging
 - Level 1.7 Stealth
 * Level 2.8 Spellcasting
 * Level 4.9 Ice Magic


You couldn't memorise any spells.
You knew the following spells:

 Your Spells              Type           Power        Failure   Level
a - Freeze                Ice            68%          2%          1
b - Frozen Ramparts       Ice            34%          8%          3
c - Ozocubu's Armour      Ice            17%          8%          3

Your spell library contained the following spells:

 Spells                   Type           Power        Failure   Level
 Animate Skeleton         Necr           4%           19%         1
 Apportation              Tloc           4%           19%         1
 Corona                   Hex            2%           19%         1
 Summon Small Mammal      Summ           8%           19%         1
 Hailstorm                Conj/Ice       10%          56%         4
 Summon Ice Beast         Ice/Summ       10%          56%         4


Dungeon Overview and Level Annotations

Branches:
Dungeon (2/15)

Altars:


Innate Abilities, Weirdness & Mutations

Your plain brown scales are hard. (AC +5)
You cannot fit into any form of body armour.
You are cold-blooded and may be slowed by cold attacks.


Message History

Press: ? - help, Shift-Dir - straight line, f - goblin
Aim: a goblin, wielding a +0 club and quivering 8 stones You miscast Freeze.
You are very lightly contaminated with residual magic.
Nothing appears to happen.
The goblin hits you with a +0 club.
Casting: Freeze (safe; 2% risk of failure)
Confirm with . or Enter, or press ? or * to list all spells.
Aiming: Freeze (safe; 2% risk of failure)
Press: ? - help, Shift-Dir - straight line, f/p - goblin
Aim: a goblin, wielding a +0 club and quivering 8 stones You freeze the goblin.
You kill the goblin!
Your magical contamination has completely faded away.
Items here: ( )) †.
You open the door.
There is an open door here.
You pick up a book of Cantrips and begin reading...
You add the spells Corona, Animate Skeleton, Summon Small Mammal and Apportation to your library.
Okay, then.
Are you sure you want to abandon this character and quit the game? (Confirm with "yes".)

# #......#....#####
# #..##.###(###.)##
# #.....#.'.##(##.#
#######.#.###'###.#
....^...#.#...##.##
#######.#†#.#####'#
#.#.#...#...#
#.#.###.#.8.#
#######.#...'.#.@.#
........###########
#########


There were no monsters in sight!

Vanquished Creatures
  2 adders (D:2)
  2 dart slugs (D:2)
  3 leopard geckos
  4 giant cockroaches
  4 hobgoblins
  6 bats
  A frilled lizard (D:2)
  4 goblins
  4 kobolds
  4 rats
34 creatures vanquished.

Notes
Turn   | Place    | Note
-------+----------+-------------------------------------------
     0 | D:1      | Amaterasu the Draconian Ice Elementalist began the quest
                  | for the Orb.
     0 | D:1      | Reached XP level 1. HP: 14/14 MP: 3/3
   506 | D:1      | Reached XP level 2. HP: 13/20 MP: 0/5
  1314 | D:2      | Reached XP level 3. HP: 27/27 MP: 3/6
  1318 | D:2      | Learned a level 3 spell: Frozen Ramparts
  2101 | D:2      | Learned a level 3 spell: Ozocubu's Armour
  2279 | D:2      | Quit the game

Illustrated notes

Levels and vault maps discovered:
D:1:      lemuel_arrival_broad_hall, layout_basic, minmay_tree_intersection
D:2:      minmay_chambers_of_ones, layout_basic

Action                   || total
-------------------------++-------
Melee: Unarmed           ||    39
       Tailslap          ||     4
 Cast: Freeze            ||    52
  Use: Scroll            ||     1
 Stab: Sleeping          ||     1
Armor: Skin              ||    12
Dodge: Dodged            ||    65
